 Dungeon Crawl Stone Soup version 0.28-a0-1130-gc51a68064b (webtiles) character file.

Game seed: 579417856896181056

82 ytrimaz the Insei (level 4, -1/28 HPs)
             Began as an Octopode Transmuter on Dec 12, 2021.
             Slain by an orc (2 damage)
             ... on level 3 of the Dungeon.
             The game lasted 00:01:53 (2618 turns).

ytrimaz the Insei (Octopode Transmuter)             Turns: 2618, Time: 00:01:55

Health: -1/28      AC:  1    Str: 15    XL:     4   Next: 43%
Magic:  7/8        EV: 13    Int: 17    God:
Gold:   106        SH:  0    Dex: 12    Spells: 2/8 levels left

rFire   . . .      SeeInvis .     - Unarmed
rCold   . . .      Faith    .   (no shield)
rNeg    . . .      Spirit   .   (helmet currently unavailable)
rPois   .          Reflect  .   (no amulet)
rElec   .          Harm     .   d - +6 ring of strength
rCorr   .          Rampage  .   (no ring)
Will    .....                   (no ring)
Stlth   ++........              (no ring)
HPRegen 0.09/turn               (no ring)
MPRegen 0.11/turn               (no ring)
                                (no ring)
                                (no ring)

@: appendages
A: tentacle spike 3, almost no armour, amphibious, 8 rings, camouflage 1,
gelatinous body 1, (nimble swimmer 1), tentacles
a: End Transformation


You were on level 3 of the Dungeon.
One of your tentacles had grown a beastly spike.
You visited 1 branch of the dungeon, and saw 3 of its levels.

You collected 106 gold pieces.

Inventory:

Jewellery
 d - a +6 ring of strength (left tentacle)
Scrolls
 b - a scroll of identify
 c - a scroll of magic mapping
Potions
 a - a potion of attraction


   Skills:
 * Level 1.6 Fighting
 * Level 2.4 Dodging
 + Level 3.4 Unarmed Combat
 * Level 2.7 Spellcasting
 * Level 2.7 Transmutations
 * Level 0.8 Poison Magic


You had 2 spell levels left.
You knew the following spells:

 Your Spells              Type           Power      Damage    Failure   Level
a - Beastly Appendage     Tmut           22%        N/A       6%          1
b - Wereblood             Tmut           11%        N/A       9%          2
c - Spider Form           Tmut/Pois      8%         N/A       26%         3

Your spell library contained the following spells:

 Spells                   Type           Power      Damage    Failure   Level
 Sting                    Tmut/Pois      32%        1d4       9%          1
 Passwall                 Tmut/Erth      5%         N/A       16%         2
 Sandblast                Erth           4%         2d4       19%         1
 Poisonous Vapours        Pois/Air       6%         N/A       22%         2
 Stone Arrow              Conj/Erth      4%         3d7       47%         3
 Ice Form                 Ice/Tmut       7%         N/A       71%         4
 Olgreb's Toxic Radiance  Pois           5%         N/A       78%         4


Dungeon Overview and Level Annotations

Branches:
Dungeon (3/15)

Altars:
Cheibriados


Innate Abilities, Weirdness & Mutations

One of your tentacles has grown a beastly spike.
You cannot wear most types of armour.
You are amphibious.
You can wear up to eight rings at the same time.
Your skin changes colour to match your surroundings (Stealth+).
Your rubbery body absorbs attacks. (AC +1, EV +1)
((You are camouflaged near water. (Stealth+)))
You have tentacles for arms and can constrict up to eight enemies at once.


Message History

You squeeze the adder.
The adder is severely wounded.
You constrict the adder. The adder bites you. The adder barely misses you.
You tentacle-slap the adder but do no damage.
You pierce the adder.
You kill the adder!
You see here an adder corpse.
The goblin hits you with a +0 club.
You barely miss the goblin. You grab the goblin.
You pierce the goblin.
You kill the goblin!
You see here a +0 club.
Your transformation is almost over.
Your tentacle spike disappears.
You see here a +0 club.
You see here an adder corpse.
b - a scroll of identify
Found two stone staircases leading down.
There is a stone staircase leading down here.
An orc comes into view.
It is wielding a +2 hand axe of flaming.
An orc is nearby!
An orc is nearby!
An orc is nearby!
One of your tentacles grows a vicious spike.
The orc shouts!
An orc priest comes into view. It is wielding a +0 flail.
The orc hits you with a +2 hand axe of flaming!
The orc burns you.
The orc hits you with a +2 hand axe of flaming!
The orc burns you.
The orc priest shouts!
You tentacle-slap the orc but do no damage.
You grab the orc. You constrict the orc. The orc misses you.
You tentacle-slap the orc.
You pierce the orc, but do no damage.
You squeeze the orc.
The orc is heavily wounded.
You constrict the orc.
The orc hits you with a +2 hand axe of flaming!
* * * LOW HITPOINT WARNING * * *
The orc burns you.
You die...

.# ##.#..#.# .# #.##.#.#
.# #......# ## ####.###
##### #.# ....# #.#
###.# #.# ####
.##.####.#########....#
................@.....#
.##.##..........o.......
.##.................o###
....#..................#
.#####.....≈≈≈≈≈.....#..
## #...≈≈≈≈≈≈≈≈≈...# # #
#.≈≈≈≈§≈≈≈≈≈≈≈≈... #
#...≈≈≈≈≈≈≈≈≈≈...# #
....≈≈≈≈§≈≈≈≈...##


You could see an orc priest and an orc.

Vanquished Creatures
  5 adders
  A worm (D:2)
  5 ball pythons
  4 bats (D:2)
  5 endoplasms
  A giant cockroach (D:2)
  4 hobgoblins
  A quokka (D:2)
  A frilled lizard (D:1)
  6 goblins
  2 rats (D:1)
35 creatures vanquished.

Vanquished Creatures (others)
  4 plants (D:2)
4 creatures vanquished.

Grand Total: 39 creatures vanquished

Notes
Turn   | Place    | Note
-------+----------+-------------------------------------------
     0 | D:1      | ytrimaz the Octopode Transmuter began the quest for the
                  | Orb.
     0 | D:1      | Reached XP level 1. HP: 13/13 MP: 3/3
   419 | D:1      | Reached XP level 2. HP: 14/18 MP: 3/5
  1603 | D:2      | Found a faded altar of an unknown god.
  1763 | D:2      | Reached XP level 3. HP: 23/23 MP: 4/6
  1766 | D:2      | Learned a level 2 spell: Wereblood
  1770 | D:2      | Learned a level 3 spell: Spider Form
  2314 | D:3      | Reached XP level 4. HP: 22/28 MP: 3/7
  2445 | D:3      | Found a snail-covered altar of Cheibriados.
  2618 | D:3      | HP: 1/28 [orc (8)]
  2618 | D:3      | Slain by an orc

Illustrated notes

Levels and vault maps discovered:
D:1:      lemuel_arrival_rhombus, layout_basic, minmay_fountain_box
D:2:      layout_loops_cross, nicolae_ecumenical_lake_church,
          chequers_serial_rivers_small_3, serial_bayou_pond_d, grunt_decor_cap,
          chequers_big_river, eino_curves_02
D:3:      layout_loops_cross, mainiacjoe_overflow_paths, minivault_27,
          lemuel_old_faithful

Action                   |  1- 3 |  4- 6 || total
-------------------------+-------+-------++-------
Melee: Unarmed           |    63 |    14 ||    77
       Constrict         |    15 |     4 ||    19
       Tentacles         |     7 |     2 ||     9
       Kick              |    10 |     5 ||    15
       Punch             |     1 |     2 ||     3
 Cast: Beastly Appendage |    24 |     3 ||    27
       Wereblood         |     1 |       ||     1
  Use: Scroll            |     2 |     2 ||     4
 Stab: Sleeping          |     7 |     2 ||     9
Armor: Skin              |     6 |       ||     6
Dodge: Dodged            |    49 |     5 ||    54

Table legend: (Time is in decaauts)
 A = Elapsed time spent in this place.
 B = Non-inter-level travel time spent in this place.
 C = Inter-level travel time spent in this place.
 D = Time resting spent in this place.
 E = Time spent auto-exploring this place.
 F = Levels seen in this place.
 G = Mean time per level.
                   A        B        C        D        E       F      G
               +--------+--------+--------+--------+--------+-----+--------+
         Total |   2613 |   2549 |     64 |    262 |   1924 |   3 |  871.0 |
       Dungeon |   2613 |   2549 |     64 |    262 |   1924 |   3 |  871.0 |
               +--------+--------+--------+--------+--------+-----+--------+

Top non-repeatable levels by time:
     D:1: 1385 daAuts
     D:2: 910 daAuts
     D:3: 317 daAuts
